 Dungeon Crawl Stone Soup version 0.17.2-1-ge4368a0 (webtiles) character file.

134 daftwullie the Skirmisher (level 5, -1/54 HPs)
             Began as an Ogre Warper on Feb 12, 2017.
             Was an Initiate of the Shining One.
             Slain by a hound (4 damage)
             ... on level 4 of the Dungeon.
             The game lasted 00:41:17 (3609 turns).

daftwullie the Skirmisher (Ogre Warper)             Turns: 3609, Time: 00:41:22

Health: -1/54      AC:  3    Str: 21    XL:     5   Next: 17%
Magic:  0/9        EV: 10    Int: 13    God:    the Shining One [......]
Gold:   101        SH:  0    Dex:  9    Spells: 3 memorised, 5 levels left

rFire  . . .     SeeInvis .     a - +1 mace
rCold  . . .     Clarity  .     b - +0 robe
rNeg   . . .     SustAt   .     (no shield)
rPois  .         Gourm    .     (helmet restricted)
rElec  .         Spirit   .     (no cloak)
rCorr  .         Warding  .     (gloves unavailable)
rMut   .         Stasis   .     (boots unavailable)
MR     .....                    (no amulet)
Stlth  +.........               (no ring)
                                (no ring)

@: mighty, very slightly contaminated, not resistant to hostile enchantments,
very unstealthy
A: unfitting armour, tough skin 1
a: Renounce Religion


You were on level 4 of the Dungeon.
You worshipped the Shining One.
The Shining One was noncommittal.
You were not hungry.

You visited 1 branch of the dungeon, and saw 4 of its levels.

You collected 101 gold pieces.

Inventory:

Hand Weapons
 a - a +1 mace (weapon)
Missiles
 e - 5 tomahawks of dispersal
 g - 12 silver sling bullets
 j - 53 sling bullets
 m - 7 poisoned needles
 o - 79 stones (quivered)
 w - 4 curare-tipped needles
Armour
 b - a +0 robe (worn)
Jewellery
 n - an uncursed amulet of guardian spirit {unknown}
Scrolls
 d - a scroll of blinking
 p - a scroll of remove curse {unknown}
 q - 3 scrolls of fog
 t - a scroll of identify
 v - a scroll of enchant weapon
Potions
 k - 2 potions of brilliance
 l - 2 potions of curing {unknown}
 r - a potion of lignification {unknown}
 u - a potion of agility {unknown}
Books
 c - a book of Spatial Translocations

   Spells                             Type                      Level
   a - Apportation                    Translocation                1
   b - Blink                          Translocation                2
   c - Shroud of Golubria             Charms/Translocation         2
   d - Portal Projectile              Translocation                3
   e - Teleport Other                 Translocation                3
   f - Passage of Golubria            Translocation                4
Comestibles
 f - 2 bread rations
 s - a slice of pizza


   Skills:
 + Level 3.8 Fighting
 * Level 3.7 Maces & Flails
 * Level 1.6 Throwing
 - Level 2.1 Dodging
 * Level 3.2 Spellcasting
 + Level 0.3 Charms
 * Level 3.0 Translocations


You had 5 spell levels left.
You knew the following spells:

 Your Spells              Type           Power        Failure   Level  Hunger
a - Apportation           Tloc           #.........   10%         1    #......
b - Blink                 Tloc           N/A          12%         2    ##.....
c - Shroud of Golubria    Chrm/Tloc      #.........   21%         2    ##.....


Dungeon Overview and Level Annotations

Branches:
Dungeon (4/15)
 Temple: D:4-7

Altars:
Dithmenos
Fedhas
Okawaru
Qazlal
Sif Muna
Trog
The Shining One


Innate Abilities, Weirdness & Mutations

You are too large for most types of armour.
You have tough skin (AC +1).


Message History

The hound bites you but does no damage. The hound bites you but does no damage.
The hound closely misses you. The hound bites you.
* * * LOW HITPOINT WARNING * * *
Casting: Blink
Confirm with . or Enter, or press ? or * to list all spells.
You miscast Blink.
You are very lightly contaminated with residual magic.
Nothing appears to happen.
The hound barely misses you. The jackal skeleton bites you.
* * * LOW HITPOINT WARNING * * *
Drink which item? (? for menu, Esc to quit)
It was a potion of might.
You feel very mighty all of a sudden. The hound bites you.
The Shining One protects you from harm!
The jackal skeleton bites you but does no damage.
The hound bites you.
You die...

#......##.#.
#......##.#.#
#####+(....(##.#.#### ###
#(....(.....##.#.... ...
#..)(...##.#..####.#
#.>.#.#######.#.......#.
## #....)..............
#..######......#####
#.......@h.........######
##.####.#Z....###........
$..##.....#........######
######.#.#.#.####...#
#.#.#.#........#
#.#.#.######.#.## #.#.#.#
#....# #######.#.#.#
###..# #.......#.#.#
#..#####


You could see a hound and a jackal skeleton.

Vanquished Creatures
  A hound skeleton (D:4)
  5 adders
  An ooze (D:1)
  2 worms
  A giant gecko (D:2)
  6 orcs
  9 bats
  11 hobgoblins
  A quokka (D:2)
  2 ball pythons (D:2)
  2 giant cockroaches
  8 giant newts
  7 goblins
  3 kobolds
  A quokka skeleton (D:4)
  6 rats
66 creatures vanquished.

Notes
Turn   | Place    | Note
--------------------------------------------------------------
     0 | D:1      | daftwullie the Ogre Warper began the quest for the Orb.
     0 | D:1      | Reached XP level 1. HP: 22/22 MP: 3/3
   189 | D:2      | Found a stormy altar of Qazlal.
   266 | D:1      | Reached skill level 3 in Fighting
   303 | D:1      | Reached XP level 2. HP: 25/31 MP: 5/5
   307 | D:1      | Learned a level 2 spell: Blink
   310 | D:1      | Learned a level 2 spell: Shroud of Golubria
  1247 | D:2      | Reached XP level 3. HP: 19/37 MP: 0/6
  1625 | D:2      | Found a shadowy altar of Dithmenos.
  1626 | D:2      | Found a deep blue altar of Sif Muna.
  1626 | D:2      | Found an iron altar of Okawaru.
  1627 | D:2      | Found a blossoming altar of Fedhas.
  1631 | D:2      | Found a glowing golden altar of the Shining One.
  1640 | D:2      | Became a worshipper of the Shining One
  1749 | D:3      | Reached XP level 4. HP: 36/45 MP: 6/8
  1878 | D:3      | Noticed an ice beast
  2889 | D:3      | Noticed a centaur
  2891 | D:3      | Found a bloodstained altar of Trog.
  3276 | D:3      | Reached XP level 5. HP: 53/53 MP: 9/9
  3609 | D:4      | The Shining One protects you from harm!
  3609 | D:4      | Slain by a hound

Action                   |  1- 3 |  4- 6 || total
-------------------------+-------+-------++-------
Melee: Mace              |   123 |   128 ||   251
Throw: Stone             |     4 |    43 ||    47
 Cast: Shroud of Golubri |     9 |     9 ||    18
       Blink             |       |     5 ||     5
  Use: Scroll            |     1 |     4 ||     5
       Potion            |       |     2 ||     2
  Eat: Meat ration       |     1 |       ||     1
       Chunk             |       |     6 ||     6
